 Dungeon Crawl Stone Soup version 0.28.0-53-g5a82cb258f (webtiles) character file.

Game seed: 10231625982417021461

14743 cbfl8 the Cleaver (level 11, -5/102 HPs)
             Began as a Minotaur Berserker on Aug 13, 2022.
             Was a High Priest of Trog.
             Slain by a slime creature (7 damage)
             ... on level 12 of the Dungeon on Aug 14, 2022.
             The game lasted 00:17:10 (11199 turns).

cbfl8 the Cleaver (Minotaur Berserker)             Turns: 11199, Time: 00:17:12

Health: -5/102     AC: 18    Str: 22    XL:     11   Next: 92%
Magic:  3/3        EV: 10    Int:  4    God:    Trog [*****.]
Gold:   305        SH:  0    Dex: 14    Spells: 10/10 levels left

rFire   . . .      SeeInvis .   M - +2 battleaxe (antimagic)
rCold   . . .      Faith    .   (shield currently unavailable)
rNeg    . . .      Spirit   .   K - +0 plate armour
rPois   .          Reflect  .   (helmet restricted)
rElec   .          Harm     .   (no cloak)
rCorr   .          Rampage  .   f - +2 pair of gloves
Will    .....                   o - +0 pair of boots
Stlth   ..........              x - amulet of regeneration
HPRegen 1.07/turn               E - +4 ring of slaying
MPRegen 0.08/turn               O - +4 ring of slaying

@: mighty, on berserk cooldown, slowed, very slow
A: horns 2, retaliatory headbutt
a: Renounce Religion, Berserk, Trog's Hand, Brothers in Arms


You were on level 12 of the Dungeon.
You worshipped Trog.
Trog was extremely pleased with you.
You visited 1 branch of the dungeon, and saw 12 of its levels.
You also visited: Ossuary.

You collected 759 gold pieces.
You spent 454 gold pieces at shops.

Inventory:

Hand Weapons
 j - a +5 battleaxe
 M - a +2 antimagic battleaxe (weapon)
 P - a +3 battleaxe
 R - a +0 broad axe
Armour
 f - a +2 pair of gloves (worn)
 o - a +0 pair of boots (worn)
 K - a +0 plate armour (worn)
Jewellery
 k - an amulet of faith
 x - an amulet of regeneration (around neck)
 E - a +4 ring of slaying (left hand)
 J - a ring of poison resistance
 O - a +4 ring of slaying (right hand)
 Q - a ring of protection from fire
Wands
 i - a wand of acid (2)
 l - a wand of polymorph (12)
 t - a wand of iceblast (10) (quivered)
 y - a wand of digging (6)
 N - a wand of flame (24)
Scrolls
 a - 3 scrolls of immolation {unknown}
 b - 2 scrolls of holy word {unknown}
 h - 7 scrolls of teleportation
 m - 2 scrolls of magic mapping {unknown}
 n - 2 scrolls of summoning {unknown}
 p - 4 scrolls of fear
 q - a scroll of silence {unknown}
 s - 2 scrolls of amnesia {unknown}
 u - a scroll of fog {unknown}
 A - 3 scrolls of enchant armour
 B - a scroll of vulnerability {unknown}
 G - 3 scrolls of enchant weapon
 H - 3 scrolls of blinking {unknown}
 L - a scroll of noise {unknown}
Potions
 c - 3 potions of attraction
 d - a potion of haste {unknown}
 e - 5 potions of curing
 g - 3 potions of cancellation
 r - 4 potions of mutation {unknown}
 v - a potion of ambrosia {unknown}
 w - 2 potions of heal wounds {unknown}
 z - 2 potions of magic {unknown}
 C - 3 potions of might
 D - 2 potions of degeneration {unknown}
 F - a potion of flight {unknown}
 I - a potion of berserk rage {unknown}


   Skills:
 * Level 11.0 Fighting
 + Level 13.1 Axes
 + Level 8.6 Armour
 * Level 8.1 Dodging
 * Level 6.3 Stealth
 * Level 6.2 Evocations


You had 10 spell levels left.
You didn't know any spells.
Your spell library was empty.

Dungeon Overview and Level Annotations

Branches:
Dungeon (12/15)            Temple (0/1) D:7             Orc (0/2) D:9
Ossuary (visited)
   Lair: D:8-11

Altars:
Cheibriados
Dithmenos
Gozag
Makhleb
Nemelex Xobeh
Qazlal
Ru
Yredelemnul
The Shining One

Shops:
D:7 *::*   D:9 [(


Innate Abilities, Weirdness & Mutations

You have a pair of horns on your head.
You reflexively headbutt those who attack you in melee.


Message History

Aiming: Iceblast
Press: ? - help, Q - select action, (/) - cycle Shift-Dir - straight line, f/p - boulder beetle
Aim: a boulder beetle (almost dead)
The mass of ice explodes!
The iceblast engulfs the boulder beetle!
You kill the boulder beetle!
Trog accepts your kill.
Your Fighting skill increases to level 11!
There is a stone staircase leading down here.
You climb downwards.
You hear a distant snort.
Hark!
There is a gateway to a gauntlet on this level.
Find the entrance quickly before the gate is sealed!
The slime creature quivers. x4
Found a wand of flame (15) and 17 gold pieces.
There is a stone staircase leading up here.
You slash the slime creature!
The slime creature is lightly wounded.
The slime creature hits you.
You slice the slime creature!!
The slime creature is heavily wounded.
You hit the slime creature.
Two slime creatures merge to form a large slime creature.
The slime creature hits you but does no damage.
The slime creature closely misses you. You furiously retaliate!
You headbutt the slime creature!! You hit the slime creature.
You headbutt the slime creature.
The slime creature is almost dead.
You slash the slime creature! You slice the large slime creature!!
The large slime creature hits you. The slime creature hits you.
The slime creature hits you but does no damage.
The large slime creature hits you!!
* * * LOW HITPOINT WARNING * * *
You feel very mighty all of a sudden.
The slime creature hits you but does no damage. x2
The large slime creature hits you!!
* * * LOW HITPOINT WARNING * * *
The slime creature hits you.
* * * LOW HITPOINT WARNING * * *
The slime creature hits you!
You die...

#####..
......#
#.....#
#.....#
#.....#
#..$..#
#JJ...#
#@J..#
#...##
/.###
#...
...#
.#.##
... .
..


You could see a large slime creature and 2 slime creatures.

Vanquished Creatures
  A boulder beetle (D:11)
  3 two-headed ogres
  A centaur warrior (D:9)
  Pikel (D:7)
  2 cyclopes (D:11)
  Joseph (D:10)
  2 centaur zombies
  A freezing wraith (D:9)
  2 hornets
  Grinder (D:3)
  Sigmund (D:3)
  16 yaks
  A wyvern (D:9)
  A basilisk (D:11)
  7 steam dragons
  Grum (D:10)
  4 vampire mosquitoes
  4 water moccasins
  4 orc warriors
  An ice beast (D:8)
  3 black bears
  4 sky beasts (D:7)
  A necrophage (D:7)
  2 ogres
  3 wolves (D:10)
  5 centaurs
  3 bullfrogs
  3 scorpions
  A wyvern zombie (D:6)
  A gnoll sergeant (D:8)
  A water moccasin zombie (D:6)
  A wyvern skeleton (D:6)
  3 water moccasin skeletons
  3 killer bees (D:9)
  11 wights
  An electric eel (D:7)
  2 howler monkeys
  2 bullfrog zombies (D:6)
  2 bullfrog skeletons
  2 hounds (D:4)
  3 orc priests
  Jessica (D:3)
  A gnoll shaman (D:9)
  3 iguanas
  13 orc wizards
  2 mummies
  2 howler monkey zombies
  Robin (D:4)
  5 adders
  16 gnolls
  A howler monkey skeleton (D:7)
  A shadow imp (D:6)
  A white imp (D:8)
  2 adder skeletons
  4 worms
  50 orcs
  4 spectral bats (Ossuary)
  7 ball pythons
  3 endoplasms (D:2)
  4 giant cockroaches
  12 gnoll zombies (Ossuary)
  18 goblins
  14 hobgoblins
  3 jackals (D:2)
  4 quokkas
  A bat (D:2)
  2 bat simulacra (Ossuary)
  3 frilled lizards
  3 goblin simulacra (Ossuary)
  4 goblin zombies (Ossuary)
  3 hobgoblin zombies (Ossuary)
  7 kobolds
  4 kobold simulacra (Ossuary)
  5 kobold zombies (Ossuary)
  6 orc zombies (Ossuary)
  5 rats
  4 rat simulacra (Ossuary)
  5 spectral goblins (Ossuary)
  3 spectral kobolds (Ossuary)
339 creatures vanquished.

Vanquished Creatures (others)
  5 fungi (D:11)
  25 plants
30 creatures vanquished.

Grand Total: 369 creatures vanquished

Notes
Turn   | Place    | Note
-------+----------+-------------------------------------------
     0 | D:1      | cbfl8 the Minotaur Berserker began the quest for the Orb.
     0 | D:1      | Reached XP level 1. HP: 19/19 MP: 0/0
   199 | D:1      | Reached skill level 4 in Axes
   291 | D:1      | Reached XP level 2. HP: 27/27 MP: 1/1
   515 | D:1      | Found a faded altar of an unknown god.
  1175 | D:2      | Reached XP level 3. HP: 33/33 MP: 2/2
  1611 | D:2      | Reached ** piety under Trog
  1623 | D:2      | Reached XP level 4. HP: 30/41 MP: 3/3
  2519 | D:3      | Found a sparkling altar of Nemelex Xobeh.
  2593 | D:3      | Reached skill level 5 in Axes
  2593 | D:3      | Reached XP level 5. HP: 47/47 MP: 4/4
  2663 | D:3      | Noticed Grinder
  2674 | D:3      | Paralysed by Grinder for 3 turns
  2680 | D:3      | Killed Grinder
  2681 | D:3      | Reached skill level 5 in Fighting
  2681 | D:3      | Reached skill level 1 in Stealth
  2681 | D:3      | Reached skill level 1 in Evocations
  2681 | D:3      | Reached XP level 6. HP: 48/56 MP: 5/5
  2878 | D:3      | Found a stormy altar of Qazlal.
  2886 | D:3      | Found an opulent altar of Gozag.
  2930 | D:3      | Noticed Sigmund
  2942 | D:3      | Killed Sigmund
  2943 | D:3      | Reached skill level 6 in Axes
  3050 | D:3      | Reached *** piety under Trog
  3240 | D:3      | Noticed Jessica
  3247 | D:3      | Killed Jessica
  3483 | D:4      | Reached XP level 7. HP: 61/61 MP: 6/6
  3515 | D:4      | Noticed Robin
  3535 | D:4      | Killed Robin
  3694 | D:4      | Found a sand-covered staircase.
  3723 | Ossuary  | Entered an ossuary
  3962 | Ossuary  | Reached **** piety under Trog
  4675 | D:4      | Reached skill level 7 in Axes
  4768 | D:5      | Entered Level 5 of the Dungeon
  4778 | D:5      | Reached XP level 8. HP: 61/70 MP: 7/7
  4955 | D:5      | Reached skill level 5 in Armour
  4962 | D:5      | Reached skill level 8 in Axes
  5407 | D:6      | Reached skill level 5 in Dodging
  5418 | D:6      | Reached XP level 9. HP: 78/78 MP: 8/8
  5470 | D:6      | Reached skill level 9 in Axes
  5474 | D:6      | Reached ***** piety under Trog
  6310 | D:7      | Found a staircase to the Ecumenical Temple.
  6339 | D:7      | Reached skill level 10 in Axes
  6435 | D:7      | Noticed Pikel
  6440 | D:7      | Killed Pikel
  6441 | D:7      | Reached XP level 10. HP: 81/90 MP: 9/9
  6731 | D:7      | Found Gauteguw's Book Boutique.
  6737 | D:7      | Found Cibiodon's Assorted Antiques.
  6741 | D:7      | Found Caxamime's Assorted Antiques.
  6741 | D:7      | Found Moigirrexyd's Book Shoppe.
  6822 | D:7      | Bought a glowing battleaxe for 190 gold pieces
  6944 | D:7      | Found a glowing golden altar of the Shining One.
  6946 | D:7      | Noticed an angel
  6951 | D:7      | Found a basalt altar of Yredelemnul.
  6953 | D:7      | Noticed a profane servitor
  7387 | D:7      | Bought a brass wand for 128 gold pieces
  7387 | D:7      | Bought a scroll labelled PEVUENIMAZ for 32 gold pieces
  7387 | D:7      | Bought a scroll labelled BANOLULITZ for 32 gold pieces
  7387 | D:7      | Bought a scroll labelled GUSEELL BICK for 32 gold pieces
  7417 | D:7      | Bought a scroll of identify for 40 gold pieces
  7871 | D:8      | Received a gift from Trog
  8204 | D:9      | Reached skill level 11 in Axes
  8209 | D:9      | Found Iveir's Antique Weapon Emporium.
  8283 | D:9      | Identified the +5 longbow of the Two Names {flame, rPois
                  | Str+2 Dex+4}
  8355 | D:9      | Found a snail-covered altar of Cheibriados.
  8506 | D:9      | Reached skill level 5 in Stealth
  8550 | D:9      | Paralysed by a hornet for 1 turns
  8609 | D:9      | Noticed a centaur warrior
  8677 | D:9      | Noticed a white ugly thing
  8710 | D:9      | Found a burning altar of Makhleb.
  8712 | D:9      | Noticed a two-headed ogre
  8723 | D:9      | Killed a two-headed ogre
  8724 | D:9      | Reached skill level 5 in Evocations
  8795 | D:9      | Found a sacrificial altar of Ru.
  8795 | D:9      | Noticed a two-headed ogre
  8807 | D:9      | Killed a two-headed ogre
  8873 | D:9      | Killed a centaur warrior
  8874 | D:9      | Reached XP level 11. HP: 49/99 MP: 3/10
  8876 | D:9      | Reached skill level 10 in Fighting
  9071 | D:9      | Found a staircase to the Orcish Mines.
  9183 | D:9      | Found Niyr's Armour Shop.
  9301 | D:9      | Reached skill level 12 in Axes
  9372 | D:10     | Entered Level 10 of the Dungeon
  9539 | D:10     | Identified the +8 long sword of Eternal Night {vamp, rCorr}
  9545 | D:10     | Noticed Grum
  9556 | D:10     | Killed Grum
  9691 | D:10     | Found a shadowy altar of Dithmenos.
 10110 | D:10     | Paralysed by a hornet for 3 turns
 10264 | D:10     | Noticed Joseph
 10271 | D:10     | Killed Joseph
 10447 | D:11     | Noticed a boulder beetle
 10799 | D:11     | Noticed a two-headed ogre
 10806 | D:11     | Killed a two-headed ogre
 10970 | D:11     | Reached skill level 13 in Axes
 11188 | D:11     | Killed a boulder beetle
 11199 | D:12     | HP: 2/102 [slime creature (5)]
 11199 | D:12     | Slain by a slime creature

Illustrated notes

Levels and vault maps discovered:
D:1:      lemuel_arrival_funnel, layout_basic,
          shapermc_ecumenical_altar_mp_vishouse, minmay_pentomino_z2
D:2:      layout_basic, serial_bayou_pond_d, kennysheep_generic_room_6
D:3:      layout_basic, nemelex_xobeh_ov_fountains_minmay,
          chequers_temple_overflow_statue_of_worship, kennysheep_jessica_study,
          uniq_grinder, uniq_jessica, uniq_sigmund
D:4:      layout_basic, gup_ossuary_entry_pyramid, chequers_serial_rivers_marsh,
          uniq_robin
D:5:      layout_rooms
D:6:      hellmonk_warped_wall, layout_basic, grunt_ministairs_1,
          lightli_corner_chamber
D:7:      layout_basic, grunt_temple_overflow_holy_war,
          minmay_temple_entry_large_hall, nicolae_wooded_promenade,
          nrook_campfire, roderic_roman_lattice, uniq_pikel
D:8:      layout_rooms
D:9:      layout_basic, mainiacjoe_overflow_boulevard,
          mainiacjoe_overflow_chevrons, mainiacjoe_overflow_paths, orc_david_3,
          serial_shops, kennysheep_mini, grunt_tough_drop
D:10:     layout_roguey, grunt_dithmenos_smoke, minmay_misc_feat_diagonals,
          hangedman_abyss_or_decor_stabs, uniq_grum, uniq_joseph
D:11:     layout_long_grid, minmay_lair_entry_grove
D:12:     layout_rooms, serial_glass, glass_columns_a, glass_columns_c,
          gauntlet_entry_generic

Skill      XL: |  1  2  3  4  5  6  7  8  9 10 11 |
---------------+----------------------------------+-----
Axes           | 4 5 6 7 8 10 11 13 | 13.1
Fighting       | 4 5 6 8 9 11 | 11.0
Armour         | 3 4 5 6 7 8 |  8.6
Dodging        | 3 4 5 6 7 8 |  8.1
Stealth        | 1 2 3 4 5 6 |  6.3
Evocations     | 1 2 3 4 5 6 |  6.2

Action                   |  1- 3 |  4- 6 |  7- 9 | 10-12 || total
-------------------------+-------+-------+-------+-------++-------
Melee: Hand axe          |    60 |    97 |   316 |       ||   473
       Headbutt          |    10 |    21 |   103 |    37 ||   171
       Punch             |     1 |       |     3 |       ||     4
       War axe           |       |       |    85 |    18 ||   103
       Battleaxe         |       |       |       |   208 ||   208
Invok: Berserk           |     1 |     2 |       |     5 ||     8
Evoke: Wand              |       |       |     1 |     2 ||     3
  Use: Scroll            |       |       |       |     9 ||     9
       Potion            |       |       |       |     1 ||     1
Armor: Leather armour    |    10 |       |       |       ||    10
       Ring mail         |     4 |     5 |       |       ||     9
       Chain mail        |       |    23 |   172 |       ||   195
       Plate armour      |       |       |    54 |   156 ||   210
Dodge: Dodged            |    48 |    36 |   167 |   121 ||   372
